 Dungeon Crawl Stone Soup version 0.32-a0-799-g95e1662365 (webtiles) character file.

Game seed: 3008360976090155291

2153 cforsyth the Chopper (level 9, 0/78 HPs)
             Began as a Mountain Dwarf Cinder Acolyte on Mar 22, 2024.
             Was a High Priest of Ignis.
             Slain by an orc
             ... wielding a +0 dagger
              (4 damage)
             ... on level 7 of the Dungeon.
             The game lasted 00:14:23 (8610 turns).

cforsyth the Chopper (MDCA)                         Turns: 8610, Time: 00:14:23

Health: 0/78       AC: 17    Str: 27    XL:     9   Next: 10%
Magic:  10/15      EV:  6    Int: 15    God:    Ignis [*****.]
Gold:   110        SH:  0    Dex:  5    Spells: 14/16 levels left

rFire   + . .        u - +0 war axe (vamp)
rCold   . . .        (no shield)
rNeg    . . .        p - +0 plate armour
rPois   .            y - +0 helmet
rElec   .            i - +1 cloak
rCorr   .            (no gloves)
SInv    .            b - +0 pair of boots
Will    .....        (no amulet) Stlth
                     S - +6 ring of strength
HPRegen 0.33/turn    (no ring)
MPRegen 0.14/turn

%: no passive effects
@: slowed, very slow
A: runic magic, artefact enchanting
a: Renounce Religion, Fiery Armour, Foxfire Swarm, Rising Flame


You were on level 7 of the Dungeon.
You worshipped Ignis.
Ignis was extremely pleased with you.
You visited 1 branch of the dungeon, and saw 7 of its levels.

You collected 260 gold pieces.
You spent 150 gold pieces at shops.


Innate Abilities, Weirdness & Mutations

Your spellcasting is much less encumbered by armour.
You can use scrolls of enchantment on lesser artefacts.


   Skills:
 + Level 6.7 Fighting
 + Level 7.4 Axes
 + Level 5.7 Armour
 + Level 4.4 Spellcasting
 + Level 7.4 Fire Magic


You had 14 spell levels left.
You knew the following spells:

 Your Spells              Type           Power      Damage    Failure   Level
X - Scorch                Fire           50%        2d7       2%          2

Your spell library contained the following spells:

 Spells                   Type           Power      Damage    Failure   Level
 Apportation              Tloc           6%         N/A       30%         1
 Necrotise                Necr           12%        1d4       30%         1
 Jinxbite                 Hex            6%         N/A       43%         2
 Vampiric Draining        Necr           3%         2d6       67%         3
 Martyr's Knell           Necr/Summ      3%         N/A       97%         4
 Alistair's Intoxication  Alch           2%         N/A       100%        5
 Curse of Agony           Necr           3%         N/A       100%        5

Inventory:

Hand Weapons
 a - a -1 hand axe of flaming
 u - a +0 vampiric war axe (weapon)
Armour
 b - a +0 pair of boots (worn)
 i - a +1 cloak (worn)
 p - a +0 plate armour (worn)
 y - a +0 helmet (worn)
Jewellery
 S - a +6 ring of strength (left hand)
Wands
 l - a wand of light (16)
 A - a wand of polymorph (8)
Scrolls
 h - 2 scrolls of poison
 k - 2 scrolls of blinking
 q - 2 scrolls of immolation
 t - a scroll of enchant weapon
Potions
 d - a potion of cancellation
 g - a potion of haste {unknown}
 j - 2 potions of might
 n - a potion of resistance {unknown}
 r - a potion of attraction {unknown}
 v - 2 potions of ambrosia
 x - a potion of lignification {unknown}

Dungeon Overview and Level Annotations

Branches:
Dungeon (7/15)
 Temple: D:4-7

Altars:
Ashenzari
Dithmenos
Kikubaaqudgha
Makhleb
Nemelex Xobeh
Okawaru
Trog
Vehumet
Zin

Shops:
D:1 = D:5

* ▓.........▒.≈.▒
▓.........▒ .▒
▓.........▒
▓.........▒
▓.........▒ ▓
▓.........▒
...▓▓▓▓▓▓...........
▓.....†....▓▓▓▓▓▓▓▓
▓....o@....▓
▓....o.....▓
▓.....o....▓
▓..........▓
▓..........▓
▓..........▓
▓..........▓
▓..........▓


You could see 3 orcs.


Message History

You feel as though you will be slow longer.
The orc hits you but does no damage. x2
The hornet stings you but does no damage.
Unknown command.
Okay, then.
You feel better.
The hornet stings you but does no damage.
The orc barely misses you. The orc hits you but does no damage.
The hornet stings you but does no damage.
Unknown command.
Unknown command.
Aiming: Bolt of Light
Press: ? - help, Shift-Dir - straight line, f/p - hornet
Aim: a hornet (severely wounded, more vulnerable to fire, 57% to hit)
The bolt of light misses the hornet.
The hornet is no longer more vulnerable to fire.
The hornet stings you but does no damage.
The orc hits you but does no damage. The hornet stings you!
* * * LOW HITPOINT WARNING * * *
You feel as though you will be slow longer.
The orc hits you but does no damage. x2
Unknown command.
Aiming: Bolt of Light
Press: ? - help, Shift-Dir - straight line, f/p - hornet
Aim: a hornet (severely wounded, 57% to hit)
The bolt of light hits the hornet!
You kill the hornet!
The orc hits you with a +0 dagger.
You die...
Ignis goes out, and joins you in death.

Skill      XL: |  1  2  3  4  5  6  7  8 |
---------------+-------------------------+-----
Armour         | 1 2 3 4 5 |  5.7
Fire Magic     | 4 5 6 7 |  7.4
Axes           | 4 5 6 7 |  7.4
Fighting       | 4 5 6 |  6.7
Spellcasting   | 2 3 4 |  4.4

Action                     |  1- 3 |  4- 6 |  7- 9 || total
---------------------------+-------+-------+-------++-------
  Melee: Hand axe          |    66 |    28 |    22 ||   116
         War axe           |       |       |    20 ||    20
   Cast: Scorch            |    24 |    43 |   111 ||   178
  Evoke: Wand              |       |       |     3 ||     3
    Use: Potion            |       |     1 |     1 ||     2
         Scroll            |       |       |    11 ||    11
 Armour: Robe              |    56 |       |       ||    56
         Scale mail        |    11 |     6 |       ||    17
         Chain mail        |       |    37 |    94 ||   131
         Plate armour      |       |       |    88 ||    88
  Dodge: Dodged            |    34 |    13 |    67 ||   114

Levels and vault maps discovered:
D:1:      dpeg_arrival_rooms_c, layout_basic, serial_shops, shop_fountains
D:2:      layout_loops_corners, nicolae_elevator_lobby_plus, uniq_terence
D:3:      layout_loops_ring, nicolae_dithmenos_through_a_glass_darkly
D:4:      layout_basic, mainiacjoe_overflow_cross_hatched, minmay_statues_item,
          sigmund_edmund_badplayer
D:5:      lemuel_insect_pit, layout_basic, mainiacjoe_overflow_alcove_4,
          nicolae_vehumet_altar_sigil, ashenzari_conservatory_becter,
          lemuel_tele_altar, serial_shops, nicolae_diamond_shop
D:6:      kennysheep_six_static_rooms, layout_basic, kiku_gazebo_pond_becter,
          nemelex_spade_bored_becter, zin_angel
D:7:      layout_gridville, xom_teletrap_fun, nicolae_overflow_squiral,
          temple_statues, enter_ossuary_3, minmay_a_box_with_orc_wizards_in_it

Notes
Turn   | Place    | Note
-------+----------+-------------------------------------------
     0 | D:1      | cforsyth the Mountain Dwarf Cinder Acolyte began the quest
                  | for the Orb.
     0 | D:1      | Reached XP level 1. HP: 19/19 MP: 2/2
   112 | D:1      | Found Ophushre's Jewellery Emporium.
   172 | D:1      | Reached XP level 2. HP: 20/26 MP: 3/3
   221 | D:1      | Learned a level 2 spell: Scorch
  1068 | D:2      | Noticed Terence
  1259 | D:2      | Reached skill level 1 in Armour
  1462 | D:2      | Reached skill level 4 in Fire Magic
  1520 | D:2      | Reached XP level 3. HP: 31/31 MP: 2/5
  1583 | D:2      | Reached skill level 4 in Axes
  1724 | D:2      | Killed Terence
  2310 | D:3      | Found a shadowy altar of Dithmenos.
  2474 | D:3      | Reached XP level 4. HP: 40/40 MP: 1/6
  3280 | D:4      | Reached skill level 4 in Fighting
  3364 | D:4      | Reached skill level 2 in Armour
  3364 | D:4      | Reached skill level 2 in Spellcasting
  3364 | D:4      | Reached XP level 5. HP: 46/46 MP: 0/8
  3743 | D:4      | Found an iron altar of Okawaru.
  3829 | D:4      | Noticed a steam dragon
  3836 | D:4      | Noticed an ice beast
  3875 | D:4      | Killed an ice beast
  3876 | D:4      | Reached XP level 6. HP: 38/53 MP: 2/9
  3877 | D:4      | Killed a steam dragon
  3878 | D:4      | Reached skill level 5 in Axes
  3878 | D:4      | Reached skill level 3 in Armour
  3878 | D:4      | Reached skill level 5 in Fire Magic
  4152 | D:4      | Noticed Edmund
  4169 | D:4      | Killed Edmund
  4170 | D:4      | Reached XP level 7. HP: 16/60 MP: 0/11
  4570 | D:4      | Noticed Sigmund
  4643 | D:4      | Killed Sigmund
  4644 | D:4      | Reached skill level 5 in Fighting
  4644 | D:4      | Reached skill level 3 in Spellcasting
  4874 | D:5      | Entered Level 5 of the Dungeon
  5030 | D:5      | Found a runed translucent door.
  5064 | D:5      | Found a runed translucent door.
  5099 | D:5      | Found a bloodstained altar of Trog.
  5120 | D:5      | Found Xunwunk's General Store.
  5128 | D:5      | Bought a scroll of blinking for 75 gold pieces
  5128 | D:5      | Bought a scroll of enchant weapon for 75 gold pieces
  5140 | D:5      | Reached skill level 4 in Armour
  5343 | D:5      | Reached skill level 6 in Fire Magic
  5527 | D:5      | Reached skill level 6 in Axes
  5728 | D:5      | Found a broken altar of Ashenzari.
  5903 | D:5      | Found a burning altar of Makhleb.
  5978 | D:5      | Found a radiant altar of Vehumet.
  6116 | D:4      | Reached XP level 8. HP: 56/69 MP: 1/13
  6418 | D:5      | Found a burning altar of Makhleb.
  6639 | D:5      | Reached skill level 6 in Fighting
  6725 | D:5      | Found a radiant altar of Vehumet.
  6750 | D:5      | Found Xunwunk's General Store.
  6872 | D:5      | Found a bloodstained altar of Trog.
  7143 | D:5      | Found a broken altar of Ashenzari.
  7376 | D:6      | Found a sparkling altar of Nemelex Xobeh.
  7638 | D:6      | Reached skill level 5 in Armour
  7638 | D:6      | Reached skill level 4 in Spellcasting
  7938 | D:6      | Reached skill level 7 in Axes
  7938 | D:6      | Reached skill level 7 in Fire Magic
  8123 | D:6      | Found an ancient bone altar of Kikubaaqudgha.
  8177 | D:6      | Found a glowing silver altar of Zin.
  8177 | D:6      | Noticed an angel
  8500 | D:7      | Reached XP level 9. HP: 77/78 MP: 12/15
  8606 | D:7      | Paralysed by a hornet for 1 turns
  8607 | D:7      | HP: 6/78 [hornet (3)]
  8610 | D:7      | Slain by an orc

Vanquished Creatures
  A hornet (D:7)
  Sigmund (D:4)
  A steam dragon (D:4)
  Edmund (D:4)
  A water moccasin (D:6)
  An ice beast (D:4)
  3 ogres
  2 centaurs (D:7)
  A bullfrog (D:6)
  10 scorpions
  A killer bee (D:5)
  A bombardier beetle (D:6)
  3 hounds (D:4)
  A jelly (D:6)
  An orc priest (D:4)
  2 iguanas
  A sleepcap (D:5)
  Terence (D:2)
  A gnoll bouda (D:7)
  4 adders
  6 gnolls
  A shadow imp (D:5)
  A white imp (D:5)
  2 ufetubi (D:6)
  3 dart slugs
  A ribbon worm (D:4)
  7 orcs
  6 endoplasms
  10 giant cockroaches
  4 goblins
  3 hobgoblins
  2 quokkas
  6 ball pythons
  5 bats
  A frilled lizard (D:3)
  4 kobolds
  7 rats
  A butterfly (D:5)
108 creatures vanquished.

Table legend: (Time is in decaauts)
 A = Elapsed time spent in this place.
 B = Non-inter-level travel time spent in this place.
 C = Inter-level travel time spent in this place.
 D = Time resting spent in this place.
 E = Time spent auto-exploring this place.
 F = Levels seen in this place.
 G = Mean time per level.
                   A        B        C        D        E       F      G
               +--------+--------+--------+--------+--------+-----+--------+
         Total |   8625 |   8360 |    265 |    181 |   6884 |   7 | 1232.1 |
       Dungeon |   8625 |   8360 |    265 |    181 |   6884 |   7 | 1232.1 |
               +--------+--------+--------+--------+--------+-----+--------+

Top non-repeatable levels by time:
     D:5: 2166 daAuts
     D:4: 1840 daAuts
     D:2: 1274 daAuts
     D:6: 1221 daAuts
     D:1: 989 daAuts
     D:3: 965 daAuts
     D:7: 167 daAuts

Table legend:
 A = Non-vault XP
 B = Vault XP
 C = Vault XP percentage of total XP
 D = Non-vault monster count
 E = Vault monster count
 F = Vault count percentage of total count
                 A         B        C        D         E       F
            +---------+---------+-------+---------+---------+-------
      Total |    2074 |    1285 |  38.3 |      85 |      22 |  20.6
            +---------+---------+-------+---------+---------+-------
        D:1 |      29 |       0 |   0.0 |      16 |       0 |   0.0
        D:2 |      22 |      36 |  62.1 |      11 |       1 |   8.3
        D:3 |      39 |       0 |   0.0 |      16 |       0 |   0.0
        D:4 |     494 |     574 |  53.7 |      14 |       5 |  26.3
        D:5 |     368 |     414 |  52.9 |      12 |      10 |  45.5
        D:6 |     496 |     261 |  34.5 |       8 |       6 |  42.9
        D:7 |     626 |       0 |   0.0 |       8 |       0 |   0.0
            +---------+---------+-------+---------+---------+-------
